AoeStats
← [Heals] Franz

Arena

509534173Analyzed
2v2 RM · 3d ago on Sep 27, 2026· 54m 51s· 4 players
Game mode
Random Map
Map size
Medium (4 player)
Population
200
Speed
Normal
Resources
Standard
Victory
Conquest
Starting age
Dark Age
Ending age
Imperial Age
RankedLock teamsTeams togetherTeam positionsShared explorationLock speedFull tech treeHidden civsTurbo modeCheats
Victory
Defeat
🇦🇺 Turks · Australia
1113
+17
🇨🇳 Poles · China
1096
+18
🇺🇸 Italians · United States
1144
-18
🇺🇸 Spanish · United States
1135
-17
freeth84
10:44 Feudal Age
11:38 Double-Bit Axe
17:07 Castle Age
16:24 Fletching
20:46 Bow Saw
21:20 Padded Archer Armor
21:27 Loom
25:57 Thumb Ring
30:14 Bodkin Arrow
30:35 Leather Archer Armor
31:30 Wheelbarrow
33:29 Imperial Age
34:15 Ballistics
34:51 Bracer
36:39 Conscription
36:04 Capped Ram
37:29 Artillery
40:48 Parthian Tactics
41:14 Sipahi
40:27 Heavy Cavalry Archer
41:40 Husbandry
41:51 Bloodlines
45:33 Scale Barding Armor
45:59 Ring Archer Armor
45:39 Forging
Lucas33813
10:17 Feudal Age
13:54 Castle Age
12:40 Double-Bit Axe
14:03 Wheelbarrow
13:23 Horse Collar
21:13 Hand Cart
23:52 Heavy Plow
24:04 Bow Saw
25:18 Gold Mining
26:29 Bloodlines
28:51 Imperial Age
26:34 Husbandry
27:18 Thumb Ring
26:59 Elite Skirmisher
28:17 Szlachta Privileges
28:50 Padded Archer Armor
28:53 Scale Mail Armor
29:01 Scale Barding Armor
29:37 Forging
29:28 Cavalier
31:11 Fletching
32:37 Conscription
33:07 Chain Barding Armor
34:10 Ballistics
35:34 Bodkin Arrow
36:46 Chemistry
35:52 Siege Engineers
37:58 Iron Casting
37:58 Padded Archer Armor
38:50 Light Cavalry
41:18 Blast Furnace
40:51 Bracer
41:15 Winged Hussar
45:01 Leather Archer Armor
47:30 Fortified Wall
47:31 Careening
47:21 Murder Holes
52:34 Lechitic Legacy
52:52 Hoardings
52:25 Town Watch
52:26 Loom
54:34 Town Patrol
[Heals] Franz
10:43 Feudal Age
13:39 Double-Bit Axe
16:21 Castle Age
14:36 Stone Mining
14:33 Horse Collar
15:43 Gold Mining
18:00 Wheelbarrow
19:02 Bow Saw
18:59 Heavy Plow
22:39 Town Watch
26:03 Loom
29:24 Imperial Age
27:34 Fletching
27:44 Padded Archer Armor
29:26 Ballistics
29:17 Masonry
30:21 Silk Road
30:31 Conscription
30:08 Bodkin Arrow
30:29 Leather Archer Armor
31:34 Chemistry
31:14 Hoardings
30:32 Capped Ram
34:34 Silk Road
35:08 Architecture
35:17 Elite Genoese Crossbowman
39:05 Bracer
39:20 Leather Archer Armor
39:38 Scale Mail Armor
39:48 Forging
39:54 Elite Skirmisher
42:02 Thumb Ring
44:42 Ring Archer Armor
50:56 Hand Cart
[Heals] Teutonic Fortress
10:48 Feudal Age
11:55 Double-Bit Axe
12:34 Horse Collar
16:15 Castle Age
17:22 Stone Mining
17:56 Bow Saw
18:27 Heavy Plow
22:07 Loom
25:30 Wheelbarrow
24:41 Town Watch
27:35 Hand Cart
27:21 Town Patrol
28:31 Stone Shaft Mining
31:01 Imperial Age
29:28 Gold Mining
30:11 Fletching
30:49 Bodkin Arrow
31:10 Caravan
31:44 Bracer
33:10 Two-Man Saw
32:05 Onager
34:05 Conscription
34:22 Supremacy
34:24 Conscription
36:17 Elite Conquistador
37:00 Padded Archer Armor
38:01 Leather Archer Armor
39:21 Ring Archer Armor
40:38 Masonry
45:03 Masonry
46:27 Scale Barding Armor
47:09 Architecture
49:11 Chemistry
48:33 Ballistics
48:37 Husbandry
48:51 Bloodlines
Connection lost

Rejoining the realm…

Still unreachable

The connection could not be restored.

Session expired

The server has moved on; the page needs a fresh start.